 Dungeon Crawl Stone Soup version 0.28.0-45-g0d030f2227 (console) character file.

Game seed: 2875593961777738342

95 Zeor the Poker (level 4, -1/28 HPs)
             Began as a Tengu Monk on Apr 4, 2022.
             Slain by an orc
             ... wielding a +2 spear of chaos
              (14 damage)
             ... on level 3 of the Dungeon.
             The game lasted 00:03:35 (2480 turns).

Zeor the Poker (Tengu Monk)                         Turns: 2480, Time: 00:03:37

Health: -1/28      AC:  5    Str: 11    XL:     4   Next: 65%
Magic:  5/5        EV: 14    Int: 10    God:
Gold:   162        SH:  0    Dex: 19    Spells: 3/3 levels left

rFire   . . .      SeeInvis .   a - +0 spear
rCold   . . .      Faith    .   (no shield)
rNeg    . . .      Spirit   .   b - +0 robe
rPois   .          Reflect  .   (helmet restricted)
rElec   .          Harm     .   e - +2 cloak
rCorr   .          Rampage  .   (no gloves)
Will    .....                   (boots unavailable)
Stlth   +++.......              (no amulet)
HPRegen 0.09/turn               (no ring)
MPRegen 0.09/turn               (no ring)

@: lethally poisoned (-1 -> -5)
A: beak, talons 3
a: no special abilities


You were on level 3 of the Dungeon.
You visited 1 branch of the dungeon, and saw 3 of its levels.

You collected 162 gold pieces.

Inventory:

Hand Weapons
 a - a +0 spear (weapon)
Missiles
 f - 15 arrows
Armour
 b - a +0 robe (worn)
 e - a +2 cloak (worn)
Scrolls
 h - 3 scrolls of immolation
Potions
 c - a potion of cancellation {unknown}
 d - 3 potions of flight
 g - a potion of heal wounds {unknown}


   Skills:
 + Level 3.4 Fighting
 * Level 4.3 Polearms
 * Level 4.0 Dodging
 + Level 3.0 Stealth


You had 3 spell levels left.
You didn't know any spells.
Your spell library was empty.

Dungeon Overview and Level Annotations

Branches:
Dungeon (3/15)

Altars:
Fedhas


Innate Abilities, Weirdness & Mutations

You have a beak for a mouth.
You have claws for feet.


Message History

Anything else - Cancel.
You shout for attention!
You hear a shout! x2
You reach to attack!
You hit the orc.
The orc is almost dead.
The orc hits you but does no damage.
You reach to attack!
You hit the orc but do no damage.
The orc is almost dead.
The orc hits you from afar with a +0 spear of chaos.
You resist with some effort.
You reach to attack!
You hit the orc but do no damage.
The orc is almost dead.
The orc barely misses you. The orc closely misses you.
You reach to attack!
You barely miss the orc.
The orc is almost dead.
The orc closely misses you. The orc misses you.
You reach to attack!
You closely miss the orc.
The orc is almost dead.
You hear a shout!
The orc closely misses you.
You reach to attack!
You hit the orc.
You kill the orc!
The orc hits you but does no damage.
You are poisoned.
An orc comes into view. It is wielding a +2 dagger of chaos.
You reach to attack!
You barely miss the orc.
You feel sick. The orc barely misses you.
You hit the orc. You claw the orc.
You kill the orc!
You feel sick. The orc closely misses you.
Your Stealth skill increases to level 3!
You reach to attack!
You hit the orc.
The orc is lightly wounded.
You feel sick. The orc misses you.
You hit the orc.
The orc is moderately wounded.
You feel sick. The orc barely misses you.
The orc hits you from afar with a +2 spear of chaos.
You are electrocuted!
Ouch! That really hurt!
You die...

∙▒▒▒∙∙∙∙∙∙∙∙∙∙∙∙∙∙∙∙∙∙∙▒∙∙
▒▒▒▒▒▒▒▒▒∙∙▒▒∙▒∙▒▒▒∙∙∙∙
▒▒>▒▒∙▒∙▒▒▒∙∙∙∙
∙▒≈∙∙▒▒▒▒∙∙∙∙∙∙∙∙∙∙
^▒∙≈∙∙▒▒▒∙∙∙∙∙∙∙∙∙∙
≈▒∙▒∙∙▒▒∙∙∙∙∙∙∙∙∙∙∙
∙?oo≈▒∙▒▒∙∙∙∙∙∙∙∙∙∙
▒∙^∙∙⌠▒ ▒∙∙∙∙^∙∙∙▒∙
▒≈▒≈$∙∙ ▒Q▒'▒▒▒∙∙▒
▒)∙∙▒≈∙▒▒o▒∙∙∙∙∙∙▒
▒≈∙∙∙∙≈∙)o▒∙▒▒▒▒∙▒
∙▒≈▒≈!▒▒∙∙∙∙▒ ▒≈∙∙∙
▒▒∙∙PPP∙∙ ⌠∙∙▒


▒∙PPPPP∙∙ ∙$≈ ▒▒P∙▄∙P▒∙ ▒≈ ▒P∙PPP▒ ∙ ∙∙PP∙▒ You could see 2 orcs.

Vanquished Creatures
  4 adders (D:2)
  A worm (D:2)
  5 dart slugs
  2 orcs (D:3)
  3 ball pythons
  3 endoplasms
  A goblin (D:1)
  5 hobgoblins (D:2)
  4 jackals (D:1)
  3 quokkas
  3 bats
  2 frilled lizards (D:2)
  5 kobolds
  4 rats
45 creatures vanquished.

Notes
Turn   | Place    | Note
-------+----------+-------------------------------------------
     0 | D:1      | Zeor the Tengu Monk began the quest for the Orb.
     0 | D:1      | Reached XP level 1. HP: 14/14 MP: 2/2
   350 | D:1      | Reached XP level 2. HP: 9/19 MP: 3/3
   768 | D:1      | Found a faded altar of an unknown god.
   977 | D:1      | Reached XP level 3. HP: 23/23 MP: 4/4
  1942 | D:2      | Reached XP level 4. HP: 28/28 MP: 5/5
  2454 | D:3      | Found a blossoming altar of Fedhas.
  2480 | D:3      | Slain by an orc

Illustrated notes

Levels and vault maps discovered:
D:1:      psy_arrival_conway, layout_basic, shapermc_ecumenical_altar_flowoftime
D:2:      layout_basic
D:3:      layout_basic, mainiacjoe_overflow_tiny_flanked, tgw_xom,
          mainiacjoe_overflow_paths, nemelex_dance_club_becter, fedhas_altar_3,
          mainiacjoe_overflow_boulevard, serial_shops, shop,
          biasface_ghost_orc_armoury

Skill      XL: |  1  2  3  4 |
---------------+-------------+-----
Polearms       | 4 |  4.3
Dodging        | 4 |  4.0
Stealth        | 3 |  3.0
Fighting       | |  3.4

Action                   |  1- 3 |  4- 6 || total
-------------------------+-------+-------++-------
Melee: Spear             |   107 |    28 ||   135
       Kick              |    22 |     7 ||    29
       Peck              |     9 |     3 ||    12
  Use: Scroll            |     3 |       ||     3
 Stab: Sleeping          |    11 |     2 ||    13
Armor: Robe              |    11 |     4 ||    15
Dodge: Dodged            |    46 |    14 ||    60
